[Event "Manhem Chess Week-GM 2019"]
[Site "Moelnlycke"]
[Date "2019.08.10"]
[Round "1.1"]
[White "Haubro, Martin"]
[Black "Urkedal, Frode Olav Olsen"]
[Result "0-1"]
[ECO "C88"]
[WhiteElo "2356"]
[BlackElo "2566"]
[Annotator "ChessBase"]
[PlyCount "58"]
[EventDate "2019.08.10"]
[EventType "tourn"]
[EventCountry "SWE"]
[SourceTitle "playchess.com"]
[Source "ChessBase"]
[SourceQuality "1"]
[TimeControl "40/5400+30:1800+30"]

1. e4 e5 2. Nf3 Nc6 3. Bb5 a6 4. Ba4 Nf6 5. O-O Be7 6. Re1 b5 7. Bb3 O-O 8. a4 b4 9. a5 d6 10. d3 Be6 11. Bxe6 fxe6 12. Nbd2 Qe8 13. Nb3 Nh5 14. c3 bxc3 15. bxc3 Qg6 16. Be3 Nf4 17. Bxf4 Rxf4 18. Nbd2 Raf8 19. Qa4 Nd8 20. Qc4 Qf7 21. Qxa6 g5 22. Qc4 g4 23. a6 gxf3 24. a7 fxg2 25. f3 d5 26. Qxc7 Rxf3 27. a8=Q Re3 28. Rf1 gxf1=Q+ 29. Rxf1 Re1 0-1

[Event "Manhem Chess Week-GM 2019"]
[Site "Moelnlycke"]
[Date "2019.08.10"]
[Round "1.2"]
[White "Lindgren, Philip"]
[Black "Blomqvist, Erik"]
[Result "0-1"]
[ECO "E11"]
[WhiteElo "2362"]
[BlackElo "2492"]
[Annotator "ChessBase"]
[PlyCount "46"]
[EventDate "2019.08.10"]
[EventType "tourn"]
[EventCountry "SWE"]
[SourceTitle "playchess.com"]
[Source "ChessBase"]
[SourceQuality "1"]
[TimeControl "40/5400+30:1800+30"]

1. d4 Nf6 2. c4 e6 3. Nf3 d5 4. g3 Bb4+ 5. Bd2 a5 6. Qc2 O-O 7. Bg2 Be7 8. O-O c6 9. Bg5 b6 10. Nbd2 Bb7 11. e4 Nxe4 12. Nxe4 dxe4 13. Bxe7 Qxe7 14. Qxe4 Nd7 15. Ne5 Nxe5 16. Qxe5 c5 17. d5 Rad8 18. Rad1 Rd6 19. Rfe1 Rfd8 20. Qh5 g6 21. Qg4 Kg7 22. dxe6 Rxd1 23. Rxd1 Qxe6 0-1

[Event "Manhem Chess Week-GM 2019"]
[Site "Moelnlycke"]
[Date "2019.08.10"]
[Round "1.3"]
[White "Hector, Jonny"]
[Black "Golubka, Petro"]
[Result "0-1"]
[ECO "B97"]
[WhiteElo "2487"]
[BlackElo "2483"]
[Annotator "ChessBase"]
[PlyCount "110"]
[EventDate "2019.08.10"]
[EventType "tourn"]
[EventCountry "SWE"]
[SourceTitle "playchess.com"]
[Source "ChessBase"]
[SourceQuality "1"]
[TimeControl "40/5400+30:1800+30"]

1. e4 c5 2. Nf3 d6 3. d4 cxd4 4. Nxd4 Nf6 5. Nc3 a6 6. Bg5 e6 7. f4 Qb6 8. Nb3 Nbd7 9. Qd2 Be7 10. O-O-O Qc7 11. Bd3 h6 12. Bxf6 Nxf6 13. Qe2 b5 14. e5 dxe5 15. fxe5 Nd7 16. Rhe1 Bb7 17. Be4 Bxe4 18. Qxe4 O-O 19. Nd4 Rac8 20. Nf3 Rfd8 21. Kb1 Nc5 22. Qe2 b4 23. Ne4 a5 24. Rxd8+ Rxd8 25. Nxc5 Qxc5 26. b3 Qd5 27. Qe4 f5 28. Qxd5 Rxd5 29. c4 bxc3 30. Kc2 g5 31. Rd1 Rxd1 32. Kxd1 Bc5 33. h3 Bf2 34. Kc2 g4 35. hxg4 fxg4 36. Nh2 h5 37. Kxc3 Bg3 38. Nf1 Bxe5+ 39. Kd3 Kf7 40. Ke4 Bc7 41. Ne3 Kf6 42. a3 Kg5 43. b4 a4 44. Nc2 h4 45. Nd4 Kf6 46. Ne2 h3 47. gxh3 gxh3 48. Kf3 Be5 49. Nc1 Kf5 50. Nd3 Bd4 51. b5 h2 52. Kg2 Ke4 53. Nb4 Bc5 54. Kxh2 Bxb4 55. axb4 Ke5 0-1

[Event "Manhem Chess Week-GM 2019"]
[Site "Moelnlycke"]
[Date "2019.08.10"]
[Round "1.4"]
[White "Wiedenkeller, Michael"]
[Black "Seo, Jung Min"]
[Result "0-1"]
[ECO "E70"]
[WhiteElo "2461"]
[BlackElo "2399"]
[Annotator "ChessBase"]
[PlyCount "126"]
[EventDate "2019.08.10"]
[EventType "tourn"]
[EventCountry "SWE"]
[SourceTitle "playchess.com"]
[Source "ChessBase"]
[SourceQuality "1"]
[TimeControl "40/5400+30:1800+30"]

1. d4 Nf6 2. c4 c5 3. d5 d6 4. Nc3 g6 5. e4 Bg7 6. Bd3 e5 7. Nge2 O-O 8. O-O Nh5 9. Be3 Nd7 10. Qd2 f5 11. f4 exf4 12. Nxf4 Nxf4 13. Bxf4 Ne5 14. Be2 a6 15. exf5 gxf5 16. Bd3 Bd7 17. Kh1 Qf6 18. Bxe5 Qxe5 19. Rae1 Qd4 20. Qc2 Qf6 21. g4 f4 22. Bxh7+ Kh8 23. Bf5 Bxf5 24. gxf5 Qxf5 25. Qf2 Be5 26. Qf3 Rg8 27. Rg1 Rxg1+ 28. Rxg1 Rg8 29. Ne4 Rxg1+ 30. Kxg1 Bxb2 31. h3 b5 32. Kf1 Be5 33. cxb5 axb5 34. Nf2 Kg7 35. Qb3 b4 36. a3 bxa3 37. Qxa3 Bd4 38. Qa7+ Kg6 39. Qb8 Qxd5 40. Qe8+ Qf7 41. Qe4+ Qf5 42. Qe8+ Qf7 43. Qe4+ Kg7 44. Nd3 Be3 45. Ke1 c4 46. Nb4 c3 47. Kd1 Bd2 48. Qd4+ Qf6 49. Qa7+ Kh6 50. Nd5 Qg7 51. Qf2 Qg5 52. Qd4 Qe5 53. Qc4 Qe1+ 54. Kc2 Qc1+ 55. Kb3 Qb2+ 56. Ka4 c2 57. Nc3 Qxc3 58. Qe6+ Kg7 59. Qe7+ Kg6 60. Qe8+ Kf5 61. Qh5+ Ke4 62. Qg6+ Kf3 63. Qg4+ Kf2 0-1

[Event "Manhem Chess Week-GM 2019"]
[Site "Moelnlycke"]
[Date "2019.08.10"]
[Round "1.5"]
[White "Vypkhaniuk, Ihor"]
[Black "Ahlander, Bjorn"]
[Result "1-0"]
[ECO "A09"]
[WhiteElo "2402"]
[BlackElo "2391"]
[Annotator "NA"]
[PlyCount "117"]
[EventDate "2019.08.10"]
[EventType "tourn"]
[EventCountry "SWE"]
[SourceTitle "playchess.com"]
[Source "ChessBase"]
[SourceQuality "1"]
[TimeControl "40/5400+30:1800+30"]

1. Nf3 Nf6 2. g3 d5 3. Bg2 c5 4. c4 d4 5. b4 cxb4 6. a3 b3 7. a4 Nc6 8. Ba3 g6 9. d3 Bg7 10. Nbd2 O-O 11. Nxb3 Re8 12. O-O Rb8 13. a5 e5 14. Nfd2 Qc7 15. Nc5 Bf5 16. Qa4 Rec8 17. Rfb1 Bf8 18. Nce4 Nxe4 19. Nxe4 Kg7 20. Bxf8+ Rxf8 21. Qa3 Rfd8 22. Rb5 Bg4 23. Rab1 h5 24. Nc5 Bxe2 25. h3 h4 26. Qa2 Bxd3 27. Nxd3 hxg3 28. fxg3 a6 29. Rb6 e4 30. Bxe4 Qxg3+ 31. Qg2 Qe3+ 32. Kh2 Rbc8 33. Rxb7 Rd6 34. Re1 Qh6 35. Rb6 g5 36. Rg1 Nxa5 37. Qxg5+ Qxg5 38. Rxg5+ Kh6 39. Rxd6+ Kxg5 40. Rd5+ Kf6 41. Rxa5 Rxc4 42. Rxa6+ Kg7 43. Kg3 Kf8 44. Ra8+ Kg7 45. Ra7 Rc3 46. h4 Kf6 47. Ra6+ Kg7 48. Kf4 Rc2 49. Rd6 Rc4 50. Rd7 Ra4 51. Bd5 Ra1 52. Rxf7+ Kh6 53. Rf6+ Kg7 54. Rb6 Rd1 55. Rb7+ Kh8 56. Be4 Rg1 57. Ne5 Kg8 58. Ng6 Rf1+ 59. Kg5 1-0

[Event "Manhem Chess Week-GM 2019"]
[Site "Moelnlycke"]
[Date "2019.08.11"]
[Round "2.3"]
[White "Seo, Jung Min"]
[Black "Lindgren, Philip"]
[Result "1-0"]
[ECO "C84"]
[WhiteElo "2399"]
[BlackElo "2362"]
[Annotator "NA"]
[PlyCount "79"]
[EventDate "2019.08.10"]
[EventType "tourn"]
[EventCountry "SWE"]
[SourceTitle "playchess.com"]
[Source "ChessBase"]
[SourceQuality "1"]
[TimeControl "40/5400+30:1800+30"]

1. e4 e5 2. Nf3 Nc6 3. Bb5 a6 4. Ba4 Nf6 5. O-O Be7 6. d3 d6 7. c3 O-O 8. Re1 b5 9. Bc2 Bb7 10. Nbd2 Re8 11. Nf1 Bf8 12. Ng3 g6 13. d4 exd4 14. cxd4 Nb4 15. Bb1 c5 16. d5 a5 17. a3 Na6 18. b3 Bg7 19. Ra2 Nd7 20. Bd3 Nc7 21. Bd2 Qe7 22. a4 b4 23. Nf1 Nb6 24. Bg5 Qf8 25. Ne3 h6 26. Bh4 f5 27. exf5 g5 28. Bxg5 hxg5 29. Nxg5 Ncxd5 30. Ne6 Qf7 31. Nxd5 Nxd5 32. Qg4 Nc3 33. Rd2 Qf6 34. Re3 d5 35. h4 Re7 36. Rg3 Ne4 37. Bxe4 dxe4 38. Rd6 Qa1+ 39. Kh2 Rf8 40. Nxf8 1-0

[Event "Manhem Chess Week-GM 2019"]
[Site "Moelnlycke"]
[Date "2019.08.11"]
[Round "2.5"]
[White "Golubka, Petro"]
[Black "Ahlander, Bjorn"]
[Result "1/2-1/2"]
[ECO "E51"]
[WhiteElo "2483"]
[BlackElo "2391"]
[Annotator "ChessBase"]
[PlyCount "43"]
[EventDate "2019.08.10"]
[EventType "tourn"]
[EventCountry "SWE"]
[SourceTitle "playchess.com"]
[Source "ChessBase"]
[SourceQuality "1"]
[TimeControl "40/5400+30:1800+30"]

1. d4 Nf6 2. c4 e6 3. Nc3 Bb4 4. Bd2 d5 5. e3 O-O 6. Nf3 c5 7. a3 Bxc3 8. Bxc3 Ne4 9. Rc1 b6 10. Bd3 Nxc3 11. Rxc3 Nd7 12. cxd5 exd5 13. Qc2 g6 14. b3 cxd4 15. Nxd4 Nc5 16. O-O Ne6 17. Nc6 Qf6 18. Nxa7 Rxa7 19. Rxc8 Rxa3 20. Rc6 Rb8 21. b4 Qe5 22. Rd1 1/2-1/2

[Event "Manhem Chess Week-GM 2019"]
[Site "Moelnlycke"]
[Date "2019.08.11"]
[Round "3.1"]
[White "Haubro, Martin"]
[Black "Golubka, Petro"]
[Result "0-1"]
[ECO "B90"]
[WhiteElo "2356"]
[BlackElo "2483"]
[Annotator "ChessBase"]
[PlyCount "60"]
[EventDate "2019.08.10"]
[EventType "tourn"]
[EventCountry "SWE"]
[SourceTitle "playchess.com"]
[Source "ChessBase"]
[SourceQuality "1"]
[TimeControl "40/5400+30:1800+30"]

1. e4 c5 2. Nf3 d6 3. d4 cxd4 4. Nxd4 Nf6 5. Nc3 a6 6. f3 e5 7. Nb3 Be6 8. Be3 Nbd7 9. Qd2 h5 10. Nd5 Bxd5 11. exd5 Qc7 12. c4 g6 13. Be2 Bg7 14. O-O O-O 15. Rac1 b6 16. h3 Nc5 17. Na1 a5 18. b3 Qe7 19. Rb1 Nh7 20. a3 f5 21. b4 axb4 22. axb4 Na4 23. Rbc1 f4 24. Bf2 Ng5 25. h4 e4 26. Qc2 Nc3 27. Bd1 Ra2 28. Qb3 e3 29. Be1 e2 30. hxg5 Qe3+ 0-1

[Event "Manhem Chess Week-GM 2019"]
[Site "Moelnlycke"]
[Date "2019.08.11"]
[Round "3.2"]
[White "Lindgren, Philip"]
[Black "Urkedal, Frode Olav Olsen"]
[Result "0-1"]
[ECO "E15"]
[WhiteElo "2362"]
[BlackElo "2566"]
[Annotator "ChessBase"]
[PlyCount "102"]
[EventDate "2019.08.10"]
[EventType "tourn"]
[EventCountry "SWE"]
[SourceTitle "playchess.com"]
[Source "ChessBase"]
[SourceQuality "1"]
[TimeControl "40/5400+30:1800+30"]

1. d4 Nf6 2. c4 e6 3. g3 d5 4. Nf3 Bb4+ 5. Bd2 Be7 6. Bg2 O-O 7. Qc2 Nbd7 8. O-O c6 9. Rd1 b6 10. Bf4 Ba6 11. b3 Rc8 12. Nc3 dxc4 13. e4 Bb4 14. Bd2 Re8 15. e5 Bxc3 16. Bxc3 Nd5 17. bxc4 Bxc4 18. Bd2 Be2 19. Ng5 Nf8 20. Rdc1 c5 21. dxc5 Rxc5 22. Qb2 Rb5 23. Qd4 Ne7 24. Qf4 Bh5 25. a4 Rc5 26. Rxc5 bxc5 27. Qe3 Nf5 28. Qc3 Nd4 29. Kh1 Ne2 30. Qe3 Qd4 31. Qxd4 Nxd4 32. Rb1 Rd8 33. Ne4 Bg6 34. Be3 Nd7 35. f4 Nb6 36. Bf2 Nxa4 37. Ra1 Bxe4 38. Bxe4 Nc3 39. Bb7 Ncb5 40. Ba6 Nb3 41. Ra2 Nc3 42. Ra3 Rb8 43. Bc4 Ne4 44. Be3 Nbd2 45. Ba2 h5 46. f5 c4 47. fxe6 fxe6 48. Bd4 Rd8 49. Bxa7 Ra8 50. Bc5 Rxa3 51. Bxa3 Nc3 0-1

[Event "Manhem Chess Week-GM 2019"]
[Site "Moelnlycke"]
[Date "2019.08.11"]
[Round "3.3"]
[White "Ahlander, Bjorn"]
[Black "Blomqvist, Erik"]
[Result "1/2-1/2"]
[ECO "A47"]
[WhiteElo "2391"]
[BlackElo "2492"]
[Annotator "ChessBase"]
[PlyCount "86"]
[EventDate "2019.08.10"]
[EventType "tourn"]
[EventCountry "SWE"]
[SourceTitle "playchess.com"]
[Source "ChessBase"]
[SourceQuality "1"]
[TimeControl "40/5400+30:1800+30"]

1. d4 Nf6 2. Nf3 e6 3. g3 b6 4. Bg2 Bb7 5. O-O c5 6. c3 Be7 7. Bg5 O-O 8. Nbd2 d5 9. Bxf6 Bxf6 10. Re1 Nd7 11. e4 cxd4 12. cxd4 dxe4 13. Nxe4 Be7 14. Qd3 Rc8 15. a3 Rc7 16. Nc3 Qb8 17. h4 Rd8 18. Ng5 Nf6 19. Bh3 Bd5 20. Nxd5 exd5 21. Re3 Bf8 22. Rae1 g6 23. R3e2 Bh6 24. Bg2 Qc8 25. Bh3 Qb7 26. Qf3 Ne4 27. Nxe4 dxe4 28. Rxe4 Rxd4 29. Re8+ Kg7 30. Qe2 Qd5 31. Rb8 Rc1 32. Rxc1 Bxc1 33. Bg2 Qd6 34. Rb7 Rd1+ 35. Kh2 Rd2 36. Qf3 Qf6 37. Qxf6+ Kxf6 38. Rxa7 Bxb2 39. f4 Bd4 40. Rc7 Bc5 41. a4 h5 42. a5 Bd6 43. Ra7 bxa5 1/2-1/2

[Event "Manhem Chess Week-GM 2019"]
[Site "Moelnlycke"]
[Date "2019.08.11"]
[Round "3.5"]
[White "Wiedenkeller, Michael"]
[Black "Hector, Jonny"]
[Result "1/2-1/2"]
[ECO "D10"]
[WhiteElo "2461"]
[BlackElo "2487"]
[Annotator "ChessBase"]
[PlyCount "109"]
[EventDate "2019.08.10"]
[EventType "tourn"]
[EventCountry "SWE"]
[SourceTitle "playchess.com"]
[Source "ChessBase"]
[SourceQuality "1"]
[TimeControl "40/5400+30:1800+30"]

1. d4 d5 2. c4 c6 3. cxd5 cxd5 4. Bf4 Nc6 5. e3 Nf6 6. Nc3 Bf5 7. Qb3 Na5 8. Qa4+ Bd7 9. Qc2 e6 10. Nf3 Rc8 11. Bd3 Nc6 12. a3 Be7 13. h3 Nh5 14. Bh2 g6 15. Ne5 Nxe5 16. Bxe5 f6 17. Bh2 O-O 18. O-O f5 19. Qb3 Bc6 20. Be2 Nf6 21. f3 Bd6 22. Be5 Bxe5 23. dxe5 Nd7 24. f4 g5 25. Qb4 Rf7 26. Qd6 gxf4 27. Bh5 Re7 28. exf4 Nb6 29. Ne2 Bd7 30. b3 a5 31. Nd4 a4 32. Rab1 axb3 33. Rxb3 Nc4 34. Rg3+ Kh8 35. Qb4 b5 36. Nxb5 Rb8 37. a4 Bxb5 38. axb5 Reb7 39. Rb3 Qb6+ 40. Kh2 Qxb5 41. Qxb5 Rxb5 42. Rxb5 Rxb5 43. Be2 Rb4 44. Bxc4 dxc4 45. Rc1 Kg7 46. g4 Kg6 47. Kg3 Rb3+ 48. Kh4 c3 49. Rc2 h5 50. Kg3 Ra3 51. g5 Kg7 52. h4 Kg6 53. Kf3 Kg7 54. Ke3 Kf7 55. Kf3 1/2-1/2

[Event "Manhem Chess Week-GM 2019"]
[Site "Moelnlycke"]
[Date "2019.08.13"]
[Round "5.1"]
[White "Blomqvist, Erik"]
[Black "Seo, Jung Min"]
[Result "1/2-1/2"]
[ECO "B28"]
[WhiteElo "2492"]
[BlackElo "2399"]
[Annotator "ChessBase"]
[PlyCount "109"]
[EventDate "2019.08.10"]
[EventType "tourn"]
[EventCountry "SWE"]
[SourceTitle "playchess.com"]
[Source "ChessBase"]
[SourceQuality "1"]
[TimeControl "40/5400+30:1800+30"]

1. e4 c5 2. Nf3 a6 3. c3 e6 4. d4 d5 5. e5 Nc6 6. Be3 Qb6 7. Qd2 Nh6 8. dxc5 Bxc5 9. Bxc5 Qxc5 10. Bd3 Ng4 11. Qe2 f6 12. exf6 Nxf6 13. O-O O-O 14. c4 Nb4 15. Nbd2 Nxd3 16. Qxd3 dxc4 17. Qxc4 Qxc4 18. Nxc4 Bd7 19. Nfe5 Bb5 20. Rfe1 Bxc4 21. Nxc4 Rfe8 22. Kf1 Rad8 23. Re2 Rd4 24. Ne5 Red8 25. Ke1 Rc8 26. g3 Kf8 27. Rd1 Rxd1+ 28. Kxd1 Ke7 29. f4 Rd8+ 30. Ke1 Rc8 31. Nf3 Kd6 32. Ng5 Re8 33. Kf2 h6 34. Nf3 Nd7 35. Rd2+ Kc7 36. Rc2+ Kd6 37. Nd2 Rb8 38. Kf3 g6 39. Nc4+ Ke7 40. Na5 Kd6 41. Ke4 g5 42. Nc4+ Ke7 43. fxg5 hxg5 44. Ne3 Rh8 45. Ng4 Nf6+ 46. Kf3 Nxg4 47. Kxg4 Kf6 48. Rf2+ Kg6 49. h4 gxh4 50. gxh4 Rd8 51. h5+ Kg7 52. Kg5 Rd5+ 53. Kg4 Rd4+ 54. Kg5 Rd5+ 55. Kg4 1/2-1/2

[Event "Manhem Chess Week-GM 2019"]
[Site "Moelnlycke"]
[Date "2019.08.13"]
[Round "5.2"]
[White "Ahlander, Bjorn"]
[Black "Urkedal, Frode Olav Olsen"]
[Result "*"]
[ECO "D55"]
[WhiteElo "2391"]
[BlackElo "2566"]
[Annotator "ChessBase"]
[PlyCount "117"]
[EventDate "2019.08.10"]
[EventType "tourn"]
[EventCountry "SWE"]
[SourceTitle "playchess.com"]
[Source "ChessBase"]
[SourceQuality "1"]
[TimeControl "40/5400+30:1800+30"]

1. Nf3 Nf6 2. c4 e6 3. Nc3 d5 4. d4 Be7 5. Bg5 h6 6. Bxf6 Bxf6 7. e3 O-O 8. Rc1 c6 9. Bd3 Nd7 10. O-O b6 11. cxd5 exd5 12. e4 dxe4 13. Nxe4 c5 14. Bb5 cxd4 15. Nxf6+ Nxf6 16. Qxd4 Bb7 17. Bc6 Bxc6 18. Rxc6 Qxd4 19. Nxd4 Rfd8 20. Rc4 Ne4 21. Nc6 Nd2 22. Rc2 Nxf1 23. Nxd8 Ne3 24. fxe3 Rxd8 25. h4 Rd1+ 26. Kf2 Rb1 27. Kf3 g6 28. b3 Ra1 29. a4 Rb1 30. Rc7 a6 31. Rc3 h5 32. Ke4 b5 33. axb5 axb5 34. g3 Kg7 35. Kd4 b4 36. Rd3 Rc1 37. Ke4 Rg1 38. Kf4 Rf1+ 39. Ke4 Rg1 40. Kf3 Rb1 41. Ke4 Kf6 42. Kf4 Rf1+ 43. Ke4 Ke6 44. Rd4 f5+ 45. Kd3 Rf3 46. Rxb4 Rxg3 47. Rb6+ Kd5 48. Ke2 Kc5 49. Rf6 Kb4 50. Rb6+ Kc3 51. Kf2 Rg4 52. Kf3 Kc2 53. Kf2 Kd2 54. Rd6+ Kc3 55. Rb6 Kc2 56. Kf3 Kd2 57. Kf2 Rxh4 58. Rd6+ Kc3 59. Rxg6 *

[Event "Manhem Chess Week-GM 2019"]
[Site "Moelnlycke"]
[Date "2019.08.13"]
[Round "5.3"]
[White "Wiedenkeller, Michael"]
[Black "Golubka, Petro"]
[Result "1/2-1/2"]
[ECO "E33"]
[WhiteElo "2461"]
[BlackElo "2483"]
[Annotator "ChessBase"]
[PlyCount "24"]
[EventDate "2019.08.10"]
[EventType "tourn"]
[EventCountry "SWE"]
[SourceTitle "playchess.com"]
[Source "ChessBase"]
[SourceQuality "1"]
[TimeControl "40/5400+30:1800+30"]

1. d4 Nf6 2. c4 e6 3. Nc3 Bb4 4. Qc2 Nc6 5. Nf3 d5 6. cxd5 exd5 7. Bg5 h6 8. Bxf6 Qxf6 9. e3 O-O 10. a3 Bf5 11. Bd3 Bxc3+ 12. Qxc3 Bxd3 1/2-1/2

[Event "Manhem Chess Week-GM 2019"]
[Site "Moelnlycke"]
[Date "2019.08.13"]
[Round "5.4"]
[White "Vypkhaniuk, Ihor"]
[Black "Hector, Jonny"]
[Result "1/2-1/2"]
[ECO "C48"]
[WhiteElo "2402"]
[BlackElo "2487"]
[Annotator "ChessBase"]
[PlyCount "41"]
[EventDate "2019.08.10"]
[EventType "tourn"]
[EventCountry "SWE"]
[SourceTitle "playchess.com"]
[Source "ChessBase"]
[SourceQuality "1"]
[TimeControl "40/5400+30:1800+30"]

1. e4 e5 2. Nf3 Nc6 3. Nc3 Nf6 4. Bb5 Nd4 5. Nxd4 exd4 6. e5 dxc3 7. exf6 Qxf6 8. dxc3 Qe5+ 9. Be2 Bc5 10. O-O O-O 11. Bd3 d5 12. Qf3 Bd6 13. g3 c6 14. Bd2 Qe6 15. Qh5 g6 16. Qh6 Bd7 17. Rfe1 Qh3 18. c4 dxc4 19. Bxc4 Rfe8 20. Qxh3 Bxh3 21. Bh6 1/2-1/2

[Event "Manhem Chess Week-GM 2019"]
[Site "Moelnlycke"]
[Date "2019.08.13"]
[Round "5.5"]
[White "Lindgren, Philip"]
[Black "Haubro, Martin"]
[Result "1/2-1/2"]
[ECO "E08"]
[WhiteElo "2362"]
[BlackElo "2356"]
[Annotator "ChessBase"]
[PlyCount "20"]
[EventDate "2019.08.10"]
[EventType "tourn"]
[EventCountry "SWE"]
[SourceTitle "playchess.com"]
[Source "ChessBase"]
[SourceQuality "1"]
[TimeControl "40/5400+30:1800+30"]

1. c4 e6 2. g3 d5 3. d4 Bb4+ 4. Bd2 Be7 5. Nf3 Nf6 6. Bg2 O-O 7. Qc2 Nbd7 8. O-O Ne4 9. Bf4 c6 10. Nc3 g5 1/2-1/2

[Event "Manhem Chess Week-GM 2019"]
[Site "Moelnlycke"]
[Date "2019.08.14"]
[Round "6.1"]
[White "Golubka, Petro"]
[Black "Seo, Jung Min"]
[Result "0-1"]
[ECO "B51"]
[WhiteElo "2483"]
[BlackElo "2399"]
[Annotator "ChessBase"]
[PlyCount "118"]
[EventDate "2019.08.10"]
[EventType "tourn"]
[EventCountry "SWE"]
[SourceTitle "playchess.com"]
[Source "ChessBase"]
[SourceQuality "1"]
[TimeControl "40/5400+30:1800+30"]

1. e4 c5 2. Nf3 Nc6 3. Nc3 d6 4. Bb5 e5 5. d3 Nf6 6. O-O Be7 7. Bxc6+ bxc6 8. Nd2 Be6 9. Nc4 O-O 10. b3 Nd7 11. Qf3 Rc8 12. Ne3 g6 13. Nf5 gxf5 14. exf5 Bd5 15. Nxd5 cxd5 16. Bh6 Bf6 17. Bxf8 Qxf8 18. Qxd5 Nb6 19. Qb7 Qe7 20. Qf3 d5 21. c4 Kh8 22. Rae1 Qd7 23. Qh5 Rg8 24. Re3 Rg5 25. Qh6 Qxf5 26. Qf8+ Rg8 27. Qxf7 Qg6 28. Qxg6 hxg6 29. h4 Kg7 30. g3 Rb8 31. Kg2 dxc4 32. dxc4 Rd8 33. g4 Kf7 34. g5 Bg7 35. f4 Rd2+ 36. Kh3 Nd7 37. f5 gxf5 38. Rxf5+ Kg6 39. Rff3 Rd4 40. a3 Nf8 41. b4 Ne6 42. bxc5 Nxc5 43. Rf2 a6 44. Rb2 Kh5 45. Rb6 Rxh4+ 46. Kg2 Rg4+ 47. Kf2 Kxg5 48. Rc6 Rxc4 49. Rg3+ Kf4 50. Rxc5 Rxc5 51. Rxg7 Rc2+ 52. Ke1 Ra2 53. Rh7 Rxa3 54. Rh4+ Kg5 55. Rc4 Ra2 56. Kf1 Kf5 57. Ke1 e4 58. Kf1 a5 59. Ke1 a4 0-1

[Event "Manhem Chess Week-GM 2019"]
[Site "Moelnlycke"]
[Date "2019.08.14"]
[Round "6.2"]
[White "Urkedal, Frode Olav Olsen"]
[Black "Blomqvist, Erik"]
[Result "0-1"]
[ECO "D13"]
[WhiteElo "2566"]
[BlackElo "2492"]
[Annotator "ChessBase"]
[PlyCount "157"]
[EventDate "2019.08.10"]
[EventType "tourn"]
[EventCountry "SWE"]
[SourceTitle "playchess.com"]
[Source "ChessBase"]
[SourceQuality "1"]
[TimeControl "40/5400+30:1800+30"]

1. d4 d5 2. c4 c6 3. cxd5 cxd5 4. Nc3 Nf6 5. Bf4 e6 6. e3 Bd6 7. Nf3 Bxf4 8. exf4 O-O 9. Bd3 b6 10. Qe2 Nc6 11. a3 Qd6 12. g3 Bb7 13. O-O Rac8 14. Rfe1 g6 15. Rad1 Nh5 16. Rc1 Ng7 17. Nb5 Qe7 18. Rc2 f6 19. h4 Rfe8 20. Qf1 Qf8 21. Qh3 a6 22. Nc3 Nf5 23. Bxf5 exf5 24. Rxe8 Rxe8 25. h5 Na5 26. Na4 Nc4 27. hxg6 hxg6 28. b3 Kg7 29. bxc4 dxc4 30. Rc3 Qd6 31. Qf1 b5 32. Nb2 Bxf3 33. Rxf3 Qxd4 34. Qc1 Re2 35. Nxc4 bxc4 36. Qb1 Qd5 37. Rc3 Rd2 38. Rc1 c3 39. Qb4 c2 40. Qe7+ Qf7 41. Qxf7+ Kxf7 42. Kg2 Ke6 43. Kf3 Rd3+ 44. Ke2 Rc3 45. Kd2 Rxa3 46. Rxc2 Kd5 47. Rb2 g5 48. Rb6 Ke4 49. fxg5 fxg5 50. Ke2 Ra2+ 51. Kf1 a5 52. Kg2 g4 53. Rb5 a4 54. Ra5 a3 55. Kg1 Kd3 56. Kg2 Ra1 57. Rxf5 Kc3 58. Ra5 Kb4 59. Ra8 Rc1 60. Rb8+ Kc3 61. Rc8+ Kb2 62. Rb8+ Kc2 63. Rc8+ Kb2 64. Rb8+ Ka1 65. Rb4 a2 66. Rxg4 Kb2 67. Ra4 a1=Q 68. Rxa1 Rxa1 69. Kf3 Kc3 70. Ke4 Ra4+ 71. Ke5 Kd3 72. g4 Ra5+ 73. Kf4 Kd4 74. g5 Kd5 75. Kf5 Ra8 76. Kf6 Kd6 77. Kf7 Ke5 78. Kg6 Ra6+ 79. Kh5 0-1

[Event "Manhem Chess Week-GM 2019"]
[Site "Moelnlycke"]
[Date "2019.08.14"]
[Round "6.3"]
[White "Wiedenkeller, Michael"]
[Black "Lindgren, Philip"]
[Result "1/2-1/2"]
[ECO "D02"]
[WhiteElo "2461"]
[BlackElo "2362"]
[Annotator "ChessBase"]
[PlyCount "53"]
[EventDate "2019.08.10"]
[EventType "tourn"]
[EventCountry "SWE"]
[SourceTitle "playchess.com"]
[Source "ChessBase"]
[SourceQuality "1"]
[TimeControl "40/5400+30:1800+30"]

1. Nf3 d5 2. g3 g6 3. Bg2 Bg7 4. d4 Nh6 5. O-O Nf5 6. c3 Nd7 7. e4 dxe4 8. Ng5 Nd6 9. Nxe4 Nxe4 10. Bxe4 O-O 11. Bg2 c6 12. Bg5 h6 13. Be3 e5 14. d5 cxd5 15. Qxd5 Nb6 16. Qxd8 Rxd8 17. Na3 Nd5 18. Rad1 Be6 19. Bc1 Bf8 20. c4 Nb4 21. Bxb7 Rxd1 22. Rxd1 Rb8 23. Bd5 Nxd5 24. cxd5 Rd8 25. Nc4 Rxd5 26. Rxd5 Bxd5 27. b3 1/2-1/2

[Event "Manhem Chess Week-GM 2019"]
[Site "Moelnlycke"]
[Date "2019.08.14"]
[Round "6.4"]
[White "Hector, Jonny"]
[Black "Ahlander, Bjorn"]
[Result "1/2-1/2"]
[ECO "B43"]
[WhiteElo "2487"]
[BlackElo "2391"]
[Annotator "ChessBase"]
[PlyCount "94"]
[EventDate "2019.08.10"]
[EventType "tourn"]
[EventCountry "SWE"]
[SourceTitle "playchess.com"]
[Source "ChessBase"]
[SourceQuality "1"]
[TimeControl "40/5400+30:1800+30"]

1. e4 c5 2. Nf3 e6 3. d4 cxd4 4. Nxd4 a6 5. Nc3 Qc7 6. Bd3 Nf6 7. f4 Nc6 8. Nxc6 Qxc6 9. O-O b5 10. Qe2 Bb7 11. a3 Bc5+ 12. Kh1 Bd4 13. Na2 Bc5 14. b4 Bd4 15. c3 Ba7 16. Re1 h5 17. a4 Ng4 18. Rf1 Qb6 19. a5 Qd8 20. Qe1 Rc8 21. Bb2 d5 22. e5 Ne3 23. Rf3 d4 24. cxd4 Bxf3 25. Qxe3 Bb7 26. f5 Qd5 27. Qd2 exf5 28. Nc3 Qe6 29. Rf1 g6 30. d5 Bxd5 31. Bxb5+ axb5 32. Nxd5 Rc4 33. Nf4 Rxf4 34. Qxf4 O-O 35. Bd4 Bb8 36. Qe3 Rd8 37. Ra1 f4 38. Qg1 f3 39. gxf3 Qd5 40. Bc5 Qxf3+ 41. Qg2 Rd1+ 42. Rxd1 Qxd1+ 43. Bg1 Bxe5 44. Qa8+ Kh7 45. Qb7 Kg8 46. Qa8+ Kh7 47. Qb7 Kg8 1/2-1/2

[Event "Manhem Chess Week-GM 2019"]
[Site "Moelnlycke"]
[Date "2019.08.14"]
[Round "6.5"]
[White "Haubro, Martin"]
[Black "Vypkhaniuk, Ihor"]
[Result "0-1"]
[ECO "B38"]
[WhiteElo "2356"]
[BlackElo "2402"]
[Annotator "ChessBase"]
[PlyCount "92"]
[EventDate "2019.08.10"]
[EventType "tourn"]
[EventCountry "SWE"]
[SourceTitle "playchess.com"]
[Source "ChessBase"]
[SourceQuality "1"]
[TimeControl "40/5400+30:1800+30"]

1. e4 c5 2. Nf3 Nc6 3. d4 cxd4 4. Nxd4 g6 5. c4 Nf6 6. Nc3 d6 7. Be2 Bg7 8. Be3 O-O 9. O-O Nxd4 10. Bxd4 Bd7 11. f3 a5 12. b3 Bc6 13. Qd2 Nd7 14. Be3 Nc5 15. Rab1 e6 16. Bd4 Bxd4+ 17. Qxd4 e5 18. Qd2 Ne6 19. Rfd1 Nd4 20. Bf1 Qb6 21. Kh1 Rfd8 22. Ne2 Ne6 23. Nc3 h5 24. a4 Nd4 25. Ne2 Ne6 26. Nc3 Nd4 27. Nb5 Bxb5 28. cxb5 d5 29. exd5 Rxd5 30. Bc4 Rd6 31. Qe3 Re8 32. Rd3 Qc7 33. Qe4 Kg7 34. Rbd1 Nf5 35. Rxd6 Nxd6 36. Qd5 Re6 37. h3 h4 38. Re1 Nf5 39. Qd2 Rd6 40. Qc3 Rd4 41. Kg1 Qc5 42. Kh2 b6 43. Re4 Rd1 44. Re1 Rxe1 45. Qxe1 Ng3 46. Qd2 Qxc4 0-1